 Dungeon Crawl Stone Soup version 0.26-b1-45-g23770d1d51 (webtiles) character file.

Game seed: 13949957263359005193

864 radhat240 the Firebug (level 8, -2/57 HPs)
             Began as a Hill Orc Fire Elementalist on Jan 6, 2021.
             Was an Initiate of Beogh.
             Slain by Duvessa
             ... wielding a +0 rapier
              (16 damage)
             ... on level 5 of the Dungeon.
             The game lasted 00:28:18 (5372 turns).

radhat240 the Firebug (Hill Orc Fire Elementalist)  Turns: 5372, Time: 00:28:18

Health: -2/57      AC:  6    Str: 11    XL:     8   Next: 3%
Magic:  14/21      EV: 13    Int: 17    God:    Beogh [......]
Gold:   228        SH:  0    Dex: 11    Spells: 12/13 levels left

rFire    . . .     SeeInvis .   d - +0 whip
rCold    + . .     Faith    .   (no shield)
rNeg     . . .     Spirit   .   l - +2 robe "Zezxizxu" {MP+9}
rPois    .         Reflect  .   (helmet restricted)
rElec    .         Harm     .   (no cloak)
rCorr    .         Rampage  .   f - +0 pair of gloves
Will     .....                  e - +0 pair of boots
Stlth    ++........             c - amulet of regeneration
HPRegen  0.59/turn              h - ring of protection from cold
MPRegen  0.17/turn              (no ring)

@: no status effects
A: horns 1, screaming 1
a: Renounce Religion


You were on level 5 of the Dungeon.
You worshipped Beogh.
Beogh was noncommittal.
You visited 1 branch of the dungeon, and saw 6 of its levels.

You collected 228 gold pieces.

Inventory:

Hand Weapons
 d - a +0 whip (weapon)
Armour
 e - a +0 pair of boots (worn)
 f - a +0 pair of gloves (worn)
 l - the +2 robe "Zezxizxu" (worn) {MP+9}
   (You took it off an orc priest on level 4 of the Dungeon)

   It affects your magic capacity (+9).
Jewellery
 c - an amulet of regeneration (around neck)
 h - a ring of protection from cold (left hand)
Wands
 g - a wand of polymorph (11)
 j - a wand of digging (3)
Scrolls
 a - a scroll of teleportation
 b - 5 scrolls of remove curse
 i - 3 scrolls of identify
Potions
 k - a potion of curing


   Skills:
 + Level 3.4 Maces & Flails
 + Level 3.3 Dodging
 + Level 3.5 Stealth
 + Level 3.1 Spellcasting
 + Level 3.5 Conjurations
 + Level 5.0 Fire Magic


You had 12 spell levels left.
You knew the following spells:

 Your Spells              Type           Power        Failure   Level
a - Foxfire               Conj/Fire      68%          3%          1

Your spell library contained the following spells:

 Spells                   Type           Power        Failure   Level
 Conjure Flame            Conj/Fire      17%          9%          3
 Inner Flame              Hex/Fire       11%          19%         3
 Sticky Flame             Conj/Fire      17%          28%         4
 Fireball                 Conj/Fire      8%           63%         5


Dungeon Overview and Level Annotations

Branches:
Dungeon (6/15)
 Temple: D:4-7

Altars:
Cheibriados
Hepliaklqana
Makhleb
Trog

Shops:
D:5 (

Annotations:
D:4 1 runed translucent door, Gadfly's ghost, amateur PaAr
D:5 Duvessa


Innate Abilities, Weirdness & Mutations

You have a pair of small horns on your head.
You occasionally shout uncontrollably at your foes.


Message History

Duvessa barely misses you. Duvessa misses you.
Your magical contamination has completely faded away.
You conjure some foxfire!
The hound bites you. Duvessa hits you with a +0 rapier! The hound bites you.
* * * LOW HITPOINT WARNING * * *
Duvessa hits you with a +0 rapier.
* * * LOW HITPOINT WARNING * * *
You are too injured to fight recklessly!
You are too injured to fight recklessly!
You are too injured to fight recklessly!
The foxfire hits the hound.
The hound is lightly wounded.
The foxfire hits Duvessa but does no damage.
Duvessa is lightly wounded.
The hound closely misses you. The hound closely misses you.
Duvessa barely misses you. The hound barely misses you.
The hound bites you but does no damage. Duvessa hits you with a +0 rapier!
You die...

......)[.....# ... #..
....#####....# ....# #.#
#########....# .....# #.
#......##.<..# .....#
#......##....# .....#
#......###########.....#
....).... ......###
#......## #........
#......# #@...# #......#
#eh..# .# #......#
#....## .# #......#
#.....###.# ...#####
#.........##### ##+#####
#.............. .......#
#......_....... ...<...#
#.###.......... .......#
#.# #..........


You could see Duvessa (berserk) and a hound.

Vanquished Creatures
  Grinder (D:5)
  3 ogres
  A phantom (D:4)
  Dowan (D:5)
  An orc priest (D:4)
  A bullfrog skeleton (D:5)
  An orc wizard (D:4)
  A worker ant (D:4)
  A hound zombie (D:5)
  5 adders
  3 gnolls (D:5)
  3 worms
  3 dart slugs
  2 leopard geckos
  6 orcs (D:4)
  A ball python (D:1)
  3 giant cockroaches
  9 goblins
  6 hobgoblins
  9 jackals
  6 kobolds
  3 quokkas
  3 bats
  7 frilled lizards
  9 rats
89 creatures vanquished.

Vanquished Creatures (others)
  4 orcs (D:4)
  A leopard gecko skeleton (D:4)
  479 foxfires
484 creatures vanquished.

Grand Total: 573 creatures vanquished

Notes
Turn   | Place    | Note
-------+----------+-------------------------------------------
     0 | D:1      | radhat240 the Hill Orc Fire Elementalist began the quest
                  | for the Orb.
     0 | D:1      | Reached XP level 1. HP: 14/14 MP: 3/3
   325 | D:1      | Reached XP level 2. HP: 20/20 MP: 1/4
  1063 | D:2      | Reached XP level 3. HP: 26/26 MP: 0/5
  1651 | D:2      | Reached XP level 4. HP: 23/33 MP: 0/7
  1861 | D:2      | Found a burning altar of Makhleb.
  2032 | D:2      | Reached skill level 1 in Maces & Flails
  2142 | D:2      | You fall into a shaft and drop 1 floor!
  2286 | D:3      | Found a snail-covered altar of Cheibriados.
  2512 | D:2      | Gained mutation: You occasionally shout uncontrollably at
                  | your foes. [potion of mutation]
  2512 | D:2      | Gained mutation: You have a pair of small horns on your
                  | head. [potion of mutation]
  3270 | D:3      | You fall into a shaft and drop 3 floors!
  3294 | D:5      | Entered Level 5 of the Dungeon
  3359 | D:5      | Noticed an ogre
  3363 | D:5      | Noticed Grinder
  3366 | D:5      | Found Nociji's Weapon Boutique.
  3392 | D:4      | Reached XP level 5. HP: 34/38 MP: 2/8
  3484 | D:4      | Noticed a phantom
  3486 | D:4      | Became a worshipper of Beogh the Brigand
  3495 | D:4      | Identified the +2 robe "Zezxizxu" {MP+9}
  3570 | D:4      | Reached skill level 4 in Fire Magic
  3621 | D:4      | HP: 1/38 [something/puff of flame (7)]
  4244 | D:4      | Found a runed translucent door.
  4252 | D:4      | Noticed Gadfly's ghost (amateur PaAr)
  4419 | D:4      | Noticed an ogre
  4427 | D:4      | Killed an ogre
  4428 | D:4      | Reached XP level 6. HP: 45/45 MP: 7/9
  4689 | D:4      | Found a hazy altar of Hepliaklqana.
  4754 | D:4      | Killed a phantom
  4938 | D:5      | Reached XP level 7. HP: 50/50 MP: 11/11
  4981 | D:5      | Killed Grinder
  5162 | D:5      | Reached skill level 5 in Fire Magic
  5281 | D:5      | Found a bloodstained altar of Trog.
  5353 | D:5      | Noticed Dowan
  5353 | D:5      | Noticed Duvessa
  5359 | D:5      | Killed Dowan
  5360 | D:5      | Reached XP level 8. HP: 57/57 MP: 12/12
  5372 | D:5      | Slain by Duvessa

Illustrated notes

Levels and vault maps discovered:
D:1:      lightli_arrival_flooded_house, layout_basic, serial_glass,
          glass_columns_c, glass_columns_c
D:2:      layout_loops_ring, lemuel_round_altar, minmay_tiny_reverse_x
D:3:      layout_rooms, cheibriados_altar_1, chequers_serial_rivers_small_a,
          corexii_corridor_pit, st_stairs_12, kennysheep_nub
D:4:      layout_basic, nzn_hepliaklqana_mist_gate, ebering_ghost_sewer_d
D:5:      layout_basic, serial_shops, shop_statue, shop, shop, basic_altar,
          minmay_misc_feat_encased, moated_statue, uniq_duvessa, uniq_grinder
D:6:      layout_loops_ring, minmay_strange_pillars, amcnicky_mini_pool_small,
          st_stairs_8, serial_bayou_ford_a, minmay_statues_item,
          roderic_batcave, minmay_liquid_box

Skill      XL: |  1  2  3  4  5  6  7 |
---------------+----------------------+-----
Stealth        | 2 3 |  3.5
Dodging        | 2 3 |  3.3
Spellcasting   | 2 3 |  3.1
Maces & Flails | 1 2 3 |  3.4
Conjurations   | 2 3 |  3.5
Fire Magic     | 4 5 |  5.0

Action                   |  1- 3 |  4- 6 |  7- 9 || total
-------------------------+-------+-------+-------++-------
Melee: Unarmed           |     2 |       |       ||     2
       Whip              |    26 |    41 |       ||    67
       Headbutt          |       |     4 |       ||     4
 Cast: Foxfire           |    73 |   169 |    53 ||   295
Invok: Convert to Beogh  |       |     1 |       ||     1
Evoke: Wand              |       |       |     4 ||     4
  Use: Scroll            |     4 |     7 |       ||    11
       Potion            |     1 |     4 |       ||     5
Armor: Robe              |    12 |    22 |     3 ||    37
Dodge: Dodged            |    35 |    41 |     9 ||    85
